 Dungeon Crawl Stone Soup version 0.26.0-18-gc5c842f807 (webtiles) character file.

Game seed: 4803667201991248218

1644 sizableburger the Chiller (level 8, -7/52 HPs)
             Began as a Demonspawn Ice Elementalist on Jan 24, 2021.
             Was a Follower of Sif Muna.
             Mangled by an ogre
             ... wielding a +0 giant club
              (19 damage)
             ... on level 7 of the Dungeon.
             The game lasted 00:17:17 (8533 turns).

sizableburger the Chiller (DsIE)                    Turns: 8533, Time: 00:17:18

Health: -7/52      AC: 13    Str: 15    XL:     8   Next: 67%
Magic:  5/14       EV: 15    Int: 19    God:    Sif Muna [*.....]
Gold:   568        SH:  6    Dex: 13    Spells: 4/15 levels left

rFire    . . .     SeeInvis .   D - +4 quarterstaff (chaos)
rCold    + . .     Faith    .   (shield currently unavailable)
rNeg     . . .     Spirit   .   a - +0 robe
rPois    .         Reflect  .   (helmet restricted)
rElec    .         Harm     .   E - +2 cloak of Apathy {Str+6}
rCorr    .         Rampage  .   u - +0 pair of gloves
Will     +....                  (no boots)
Stlth    ++........             b - amulet of the acrobat
HPRegen  0.17/turn              r - ring of protection from cold
MPRegen  0.14/turn              z - ring of willpower

@: icy armour, frozen ramparts, very slightly contaminated, studying Slings,
invisible
A: horns 2, large bone plates 2, powered by pain 1
a: Renounce Religion, Channel Magic


You were on level 7 of the Dungeon.
You worshipped Sif Muna.
Sif Muna was aware of your devotion.
You visited 1 branch of the dungeon, and saw 7 of its levels.

You collected 568 gold pieces.

Inventory:

Hand Weapons
 f - a +0 dagger
 D - a +4 quarterstaff of chaos (weapon)
Armour
 a - a +0 robe (worn)
 t - a scarf of resistance
 u - a +0 pair of gloves (worn)
 E - the +2 cloak of Apathy (worn) {Str+6}
   (You found it on level 6 of the Dungeon)

   It affects your strength (+6).
Jewellery
 b - an amulet of the acrobat (around neck)
 r - a ring of protection from cold (left hand)
 z - a ring of willpower (right hand)
Wands
 x - a wand of polymorph (9)
 B - a wand of iceblast (3)
Scrolls
 g - 3 scrolls of amnesia {unknown}
 h - a scroll of immolation {unknown}
 l - 4 scrolls of identify {unknown}
 o - 2 scrolls of enchant armour {unknown}
 q - a scroll of fog {unknown}
 w - 2 scrolls of blinking {unknown}
 A - 2 scrolls of remove curse {unknown}
 C - 4 scrolls of teleportation {unknown}
Potions
 c - 2 potions of heal wounds {unknown}
 d - 2 potions of attraction {unknown}
 i - a potion of mutation {unknown}
 j - a potion of flight {unknown}
 m - a potion of curing {unknown}
 n - a potion of magic {unknown}
 p - a potion of lignification {unknown}
 s - a potion of might
 v - a potion of resistance {unknown}
Books
 y - a manual of Slings


   Skills:
 + Level 3.2 Staves
 + Level 5.7 Dodging
 - Level 1.7 Stealth
 - Level 4.0 Spellcasting
 + Level 4.2 Summonings
 + Level 6.6 Ice Magic


You had 4 spell levels left.
You knew the following spells:

 Your Spells              Type           Power        Failure   Level
a - Freeze                Ice            100%         1%          1
b - Frozen Ramparts       Ice            56%          2%          3
c - Ozocubu's Armour      Ice            28%          2%          3
d - Summon Ice Beast      Ice/Summ       24%          14%         4

Your spell library contained the following spells:

 Spells                   Type           Power        Failure   Level
 Ensorcelled Hibernation  Hex/Ice        32%          5%          2
 Corona                   Hex            3%           14%         1
 Hailstorm                Conj/Ice       16%          34%         4
 Confusing Touch          Hex            3%           38%         3
 Dazzling Flash           Conj/Hex       6%           38%         3
 Tukima's Dance           Hex            3%           38%         3


Dungeon Overview and Level Annotations

Branches:
Dungeon (7/15)             Temple (0/1) D:5

Altars:
Ashenzari
Fedhas
Ru
Sif Muna
Uskayaw
Vehumet


Innate Abilities, Weirdness & Mutations

You have a pair of horns on your head.
You are mostly covered in large bone plates. (SH +6)
You sometimes gain a little power by taking damage.


Message History

You fade into invisibility!
The wall freezes the orc warrior.
The orc warrior closely misses you.
An orc comes into view. It is wielding a +0 mace of draining.
The wall freezes the ogre.
You are very lightly contaminated with residual magic.
The orc shouts!
You hit the orc warrior but do no damage.
You drain the orc warrior.
The orc warrior is severely wounded.
The wall freezes the orc warrior!
You kill the orc warrior!
Sif Muna accepts your kill.
The wall freezes the ogre.
Your life force feels restored.
You strike the helpless ogre from behind!
You sock the ogre! You freeze the ogre.
The ogre is severely wounded.
The wall freezes the ogre.
The ogre hits you with a +0 giant club!!
You die...

### #@# #O# #)# #[#
#o#
#############o#####
.......#..........#
.......>..........#
..........).......#


You could see an ogre and 2 orcs.

Vanquished Creatures
  2 orc warriors (D:7)
  A sky beast (D:5)
  2 ogres
  2 centaurs (D:4)
  A big kobold (D:7)
  Blork the orc (D:4)
  A bullfrog (D:6)
  A scorpion (D:6)
  Crazy Yiuf (D:4)
  A hound (D:4)
  3 orc priests
  8 orc wizards
  Ijyb (D:4)
  An iguana (D:6)
  3 worker ants
  A hound zombie (D:7)
  4 gnolls (D:3)
  6 adders
  2 shadow imps (D:7)
  A white imp (D:6)
  An ufetubus (D:7)
  An ooze (D:1)
  5 worms
  4 dart slugs
  3 leopard geckos
  12 orcs
  5 ball pythons
  5 giant cockroaches
  7 goblins
  11 hobgoblins
  16 jackals
  10 kobolds
  3 quokkas
  6 bats
  4 frilled lizards
  A leopard gecko zombie (D:7)
  14 rats
151 creatures vanquished.

Vanquished Creatures (others)
  A plant (D:1)
1 creature vanquished.

Grand Total: 152 creatures vanquished

Notes
Turn   | Place    | Note
-------+----------+-------------------------------------------
     0 | D:1      | sizableburger the Demonspawn Ice Elementalist began the
                  | quest for the Orb.
     0 | D:1      | Reached XP level 1. HP: 13/13 MP: 3/3
   170 | D:1      | Gained mutation: You are partially covered in large bone
                  | plates. (SH +4) [demonic ancestry]
   170 | D:1      | Reached XP level 2. HP: 10/19 MP: 0/5
   798 | D:1      | Reached XP level 3. HP: 23/24 MP: 3/6
   800 | D:1      | Reached skill level 4 in Ice Magic
   854 | D:1      | Learned a level 3 spell: Frozen Ramparts
   858 | D:1      | Learned a level 3 spell: Ozocubu's Armour
  1794 | D:2      | Gained mutation: You have a pair of small horns on your
                  | head. [demonic ancestry]
  1794 | D:2      | Reached XP level 4. HP: 26/30 MP: 4/8
  1830 | D:2      | Found a hide-covered altar of Uskayaw.
  2672 | D:2      | Gained mutation: You sometimes gain a little power by
                  | taking damage. [demonic ancestry]
  2672 | D:2      | Reached XP level 5. HP: 33/35 MP: 6/9
  3792 | D:3      | Noticed an ogre
  3801 | D:3      | Killed an ogre
  3802 | D:3      | Reached XP level 6. HP: 41/41 MP: 1/11
  3904 | D:3      | Found a shimmering blue altar of Sif Muna.
  3918 | D:3      | Became a worshipper of Sif Muna the Loreminder
  3970 | D:3      | Reached skill level 5 in Ice Magic
  4049 | D:3      | Found a broken altar of Ashenzari.
  4277 | D:4      | Found a radiant altar of Vehumet.
  4382 | D:4      | Learned a level 4 spell: Summon Ice Beast
  4459 | D:4      | Reached skill level 1 in Summonings
  4476 | D:4      | Gained mutation: You are mostly covered in large bone
                  | plates. (SH +6) [demonic ancestry]
  4476 | D:4      | Reached XP level 7. HP: 43/46 MP: 1/13
  4686 | D:4      | Noticed Blork the orc
  4702 | D:4      | Killed Blork the orc
  4851 | D:4      | Noticed Ijyb
  5081 | D:4      | Killed Ijyb
  5350 | D:4      | Found a runed translucent door.
  5351 | D:4      | Noticed Crazy Yiuf
  5551 | D:4      | Killed Crazy Yiuf
  5910 | D:5      | Entered Level 5 of the Dungeon
  6026 | D:5      | Found a blossoming altar of Fedhas.
  6069 | D:5      | Reached skill level 1 in Staves
  6340 | D:5      | Found a staircase to the Ecumenical Temple.
  6653 | D:5      | Found a sacrificial altar of Ru.
  6873 | D:6      | Reached skill level 5 in Dodging
  6873 | D:6      | Reached skill level 6 in Ice Magic
  6873 | D:6      | Gained mutation: You have a pair of horns on your head.
                  | [demonic ancestry]
  6873 | D:6      | Reached XP level 8. HP: 47/52 MP: 7/14
  7026 | D:6      | Got a steaming cloak
  7037 | D:6      | Identified the +2 cloak of Apathy {Str+6} (You found it on
                  | level 6 of the Dungeon)
  7658 | D:6      | Reached * piety under Sif Muna
  8533 | D:7      | Mangled by an ogre

Illustrated notes

Levels and vault maps discovered:
D:1:      sevenhm_arrival_forest_fort_small_4, layout_rooms, st_stairs_4,
          minmay_quantized
D:2:      layout_rooms, marbit_many_paths, minmay_split_cup_large
D:3:      layout_loops_ring, led_sif_book, lemuel_crystal_altar
D:4:      layout_cave_pods, overflow_temple_1_default, minmay_manual_mares,
          uniq_blork_the_orc, uniq_crazy_yiuf_cottage, uniq_ijyb
D:5:      layout_gridville, minmay_temple_entry_glass, basic_altar,
          nicolae_ru_path_of_blood
D:6:      layout_layer_cave
D:7:      minmay_spotlight, layout_basic, kiku_gazebo_garden_becter,
          chequers_temple_overflow_minitemple, serial_shops, shop, shop, shop

Skill      XL: |  1  2  3  4  5  6  7  8 |
---------------+-------------------------+-----
Dodging        | 2 3 4 5 |  5.7
Ice Magic      | 4 5 6 |  6.6
Spellcasting   | 3 4 |  4.0
Summonings     | 1 3 4 |  4.2
Staves         | 1 3 |  3.2
Stealth        | |  1.7

Action                   |  1- 3 |  4- 6 |  7- 9 || total
-------------------------+-------+-------+-------++-------
Melee: Unarmed           |     5 |       |       ||     5
       Dagger            |    43 |   195 |       ||   238
       Headbutt          |       |    28 |    17 ||    45
       Quarterstaff      |       |       |    77 ||    77
 Cast: Freeze            |    48 |    30 |    13 ||    91
       Frozen Ramparts   |     1 |    16 |    18 ||    35
       Ozocubu's Armour  |       |    10 |    11 ||    21
  Use: Potion            |       |       |     1 ||     1
 Stab: Sleeping          |     1 |     6 |     1 ||     8
       Invisible         |       |       |     1 ||     1
Armor: Robe              |    37 |    49 |    15 ||   101
Dodge: Dodged            |    81 |   158 |    54 ||   293
Block: Other             |    17 |    55 |    24 ||    96
